[Event "Thursday Night Round Robin 3m+1s Starts at 2200hrs ST No Late Joins"]
[Site "Infinity Chess"]
[Date "2018.1.11"]
[Round "1"]
[White "BlitzMaster"]
[Black "Dovahkiin"]
[Result "1/2-1/2 "]
[ECO "C11"]
[WhiteElo "2571"]
[BlackElo "2455"]
[WhiteEngine "stockfish_18010422_x64_modern_CTG"]
[BlackEngine "BrainFish_180106_x64_modern_CTG"]
[EventType "Round Robin"]
[WhiteTeam ""]
[BlackTeam ""]
[PlyCount "259"]
[TimeControl "180+1"]

1. e4 e6 2. d4 d5 3. Nc3 Nf6 4. e5 Nfd7 5. f4 c5 6. Nf3 Nc6 7. Be3 cxd4 
8. Nxd4 Qb6 9. Qd2 Qxb2 10. Rb1 Qa3 11. Bb5 Nxd4 12. Bxd4 a6 13. Bxd7+ Bxd7 
14. Rb3 Qe7 15. Rxb7 Rc8 16. O-O Qd8 17. Qe3 Rc4 18. Rfb1 Be7 19. f5 Bg5 
20. Qd3 O-O 21. Ne4 Bc8 22. Bb6 Be3+ 23. Qxe3 Qh4 24. Nf6+ gxf6 25. Rc7 exf5 
26. Rxc4 dxc4 27. exf6 Kh8 28. Bc7 Rg8 29. Bg3 Qg4 30. c3 Bd7 31. Qf4 Qe2 
32. Rb8 Qd1+ 33. Qf1 Qd2 34. Rxg8+ Kxg8 35. Qf3 Qc1+ 36. Kf2 Qc2+ 37. Kf1 h6 
38. Bf4 Kh7 39. Qg3 Qd1+ 40. Kf2 Qg4 41. h3 Qxg3+ 42. Bxg3 h5 43. h4 Kg6 
44. Bb8 Bc6 45. g3 Kxf6 46. Ke3 Ke6 47. Kd4 Bb5 48. Kc5 Ke7 49. Kd5 Kf6 
50. Bf4 Kg6 51. Bg5 f4 52. Bxf4 Kf5 53. a3 Kf6 54. Bc7 Kf5 55. Be5 Kg4 
56. Bc7 Kf3 57. Kd4 Kg4 58. Be5 Kf5 59. Bf4 Kf6 60. Kd5 Kf5 61. Be5 Bc6+ 
62. Kd4 Bb5 63. Bf4 Kf6 64. Kc5 Ke6 65. Bc7 Kf5 66. Kd5 Kg4 67. Be5 Kf3 
68. Kd4 Kg4 69. Bd6 Kf3 70. Kd5 Kg4 71. Be5 Kf3 72. Bd6 Kg4 73. Bf4 Kf3 
74. Kd6 Ke4 75. Bg5 Ba4 76. Kc5 Kd3 77. Bf6 Bd7 78. Kb4 Be6 79. Bg7 Bd7 
80. a4 Ke4 81. Kxc4 Bxa4 82. Kb4 Bd1 83. c4 Be2 84. c5 Kd5 85. Bf8 Bd3 
86. Bd6 Kc6 87. Be7 Bf5 88. Bf6 a5+ 89. Kxa5 Kxc5 90. Be7+ Kc4 91. Bg5 Kd4 
92. Be7 Ke4 93. Bd6 Be6 94. Kb4 f6 95. Ka5 Bf7 96. Bc7 f5 97. Kb4 Bd5 
98. Kc5 Bb7 99. Bf4 Kf3 100. Be5 Ke4 101. Bb8 Bd5 102. Bf4 Bb7 103. Bd2 Kf3 
104. Bf4 Be4 105. Kd6 Bd3 106. Kc7 Be2 107. Bd6 Kg4 108. Bf4 Bd1 109. Bd6 Bf3 
110. Be5 Bd1 111. Bd6 Ba4 112. Kb6 Bc2 113. Kb7 Bd3 114. Be5 Kf3 115. Kc7 Be4 
116. Kb6 Kg4 117. Kc5 Kf3 118. Bf4 Kg4 119. Kd4 Bg2 120. Kc5 Be4 121. Be5 Kf3 
122. Kb6 Kf2 123. Kc7 Kf3 124. Kd6 Bb7 125. Ke7 Kg4 126. Bf4 Kf3 127. Kf6 Kg4 
128. Bd6 Be4 129. Kf7 Bc2 130. Bb8 1/2-1/2

[Event "Thursday Night Round Robin 3m+1s Starts at 2200hrs ST No Late Joins"]
[Site "Infinity Chess"]
[Date "2018.1.11"]
[Round "1"]
[White "Victorious"]
[Black "koalachess"]
[Result "1-0"]
[ECO "A04"]
[WhiteElo "2574"]
[BlackElo "2311"]
[WhiteEngine "Houdini 6"]
[BlackEngine "asmFishW_2017-11-19_popcnt_CTG"]
[EventType "Round Robin"]
[WhiteTeam ""]
[BlackTeam ""]
[PlyCount "183"]
[TimeControl "180+1"]

1. Nf3 e6 2. g3 c5 3. c4 d5 4. cxd5 exd5 5. d4 cxd4 6. Nxd4 Nf6 7. Bg2 Bc5 
8. O-O O-O 9. Nc3 Nc6 10. Nb3 Bb6 11. Bg5 Be6 12. a4 a6 13. Nxd5 Bxd5 
14. Bxf6 Qxf6 15. Qxd5 Rfd8 16. Qf3 Qe6 17. Nc1 Rab8 18. Qe4 Qxe4 19. Bxe4 Bd4 
20. Bxc6 bxc6 21. Nd3 Re8 22. Rfe1 Bxb2 23. Ra2 Bd4 24. Rc1 Re6 25. Rac2 Rd8 
26. Nf4 Re4 27. a5 g5 28. Nh5 Be5 29. e3 Ra4 30. Rc5 f6 31. Rxc6 Rxa5 
32. Nxf6+ Bxf6 33. Rxf6 Rf8 34. Rxf8+ Kxf8 35. g4 Ra4 36. h3 a5 37. Rc7 Kg8 
38. Ra7 Ra1+ 39. Kg2 Ra2 40. Kg3 a4 41. Ra5 h6 42. f4 Ra3 43. Kf3 gxf4 
44. Kxf4 Ra2 45. Kf5 Rh2 46. Kg6 Kf8 47. Ra8+ Ke7 48. Kxh6 a3 49. Rxa3 Rxh3+ 
50. Kg6 Rg3 51. g5 Rg1 52. e4 Rg4 53. e5 Rg1 54. e6 Kxe6 55. Ra5 Rc1 
56. Kg7 Rc7+ 57. Kh6 Rc1 58. g6 Rh1+ 59. Kg7 Rg1 60. Ra6+ Ke7 61. Kg8 Rg4 
62. g7 Rh4 63. Ra5 Rh3 64. Re5+ Kf6 65. Kf8 Kxe5 66. g8=Q Rd3 67. Ke7 Kd4 
68. Qg5 Kc4 69. Ke6 Rd1 70. Qa5 Rb1 71. Qd5+ Kc3 72. Qf3+ Kb2 73. Kd5 Ka2 
74. Kc4 Rc1+ 75. Kd3 Kb2 76. Qb7+ Ka3 77. Qb8 Ka2 78. Qb5 Rb1 79. Qa4+ Kb2 
80. Kd2 Rh1 81. Qd4+ Ka3 82. Qa7+ Kb4 83. Qb7+ Kc4 84. Qxh1 Kc5 85. Qa1 Kd6 
86. Qf6+ Kd7 87. Kc3 Kc7 88. Kb4 Kc8 89. Qe7 Kb8 90. Ka5 Ka8 91. Ka6 Kb8 
92. Qb7# 1-0

[Event "Tuesday 16 January Rapid Engine Tour 12+1 Rounds 9 Starts 1600 ST"]
[Site "Infinity Chess"]
[Date "2018.1.16"]
[Round "9"]
[White "tris77"]
[Black "miguello"]
[Result "1/2-1/2"]
[ECO "B06"]
[WhiteElo "2329"]
[BlackElo "2377"]
[WhiteEngine "Raubfisch X37a2_CTG"]
[BlackEngine "asmFishW_2018-01-12_popcnt_CTG"]
[EventType "Swiss"]
[WhiteTeam ""]
[BlackTeam ""]
[PlyCount "116"]
[TimeControl "720+1"]

1. e4 g6 2. d4 d6 3. Nc3 Bg7 4. Nf3 Nf6 5. Be2 O-O 6. O-O a6 7. a4 Nc6 
8. Be3 Re8 9. Re1 Bd7 10. d5 Nb4 11. Qd2 a5 12. Bg5 c6 13. Bc4 e5 14. h3 Qc7 
15. b3 cxd5 16. exd5 Na6 17. Qe2 Nh5 18. Be3 f5 19. Rad1 Bf6 20. Nb5 Bxb5 
21. Bxb5 Re7 22. g4 Nf4 23. Bxf4 exf4 24. Qd2 Rxe1+ 25. Nxe1 Nc5 26. gxf5 g5 
27. Qe2 Qf7 28. Kg2 Kg7 29. Qf3 Be5 30. Nd3 Nxd3 31. Bxd3 h5 32. Rg1 Rc8 
33. Kf1 Kh6 34. c4 Re8 35. Kg2 b6 36. Kf1 Rf8 37. Kg2 Re8 38. Rh1 Rf8 
39. Kf1 Rb8 40. Kg2 Re8 41. Be4 Qe7 42. Bd3 Bf6 43. Rd1 Qe5 44. Rb1 Re7 
45. Kh2 Re8 46. Rg1 Re7 47. Rc1 Qb2 48. Rb1 Qe5 49. Rg1 Qc3 50. Rf1 Qb2 
51. Rb1 Qe5 52. Rg1 Qc3 53. Kg2 Qxb3 54. Rb1 Qa2 55. Kf1 Qa3 56. Kg2 Qa2 
57. Kf1 Qa3 58. Kg2 Qa2 1/2-1/2

[Event "Tuesday 16 January Rapid Engine Tour 12+1 Rounds 9 Starts 1600 ST"]
[Site "Infinity Chess"]
[Date "2018.1.16"]
[Round "9"]
[White "CrapCleaner"]
[Black "ivrdurant"]
[Result "1/2-1/2"]
[ECO "C50"]
[WhiteElo "2411"]
[BlackElo "2410"]
[WhiteEngine "SugaR XPrO x64 BMI2_CTG"]
[BlackEngine "Raubfisch X37b1._CTG"]
[EventType "Swiss"]
[WhiteTeam ""]
[BlackTeam ""]
[PlyCount "137"]
[TimeControl "720+1"]

1. e4 e5 2. Nf3 Nc6 3. Bc4 Bc5 4. O-O Nf6 5. d3 d6 6. c3 O-O 7. h3 a5 8. Nbd2 h6 
9. Re1 Be6 10. a4 Ba7 11. Bxe6 fxe6 12. Nf1 d5 13. Qc2 Qe7 14. N1h2 Rad8 
15. exd5 exd5 16. Be3 Bxe3 17. Rxe3 Qd6 18. Rae1 e4 19. Nd2 exd3 20. Rxd3 Rfe8 
21. Rde3 Rxe3 22. Rxe3 d4 23. cxd4 Qxd4 24. Qb3+ Nd5 25. Rd3 Qc5 26. Nhf3 Ncb4 
27. Rc3 Qd6 28. Rc1 Re8 29. Rd1 Qc5 30. Nc4 Re4 31. Ne3 c6 32. Nxd5 cxd5 
33. Rd2 Qc1+ 34. Kh2 Kf8 35. g3 Re1 36. Nxe1 Qxd2 37. Qf3+ Kg8 38. Ng2 Qxb2 
39. Nf4 Qd4 40. h4 b6 41. Qg4 Qxf2+ 42. Kh3 d4 43. Qe6+ Kh7 44. Qxb6 Qf1+ 
45. Kh2 d3 46. Qg6+ Kh8 47. Qe8+ Kh7 48. Qe4+ Kg8 49. Qc4+ Kh7 50. Qf7 Qf2+ 
51. Kh3 d2 52. Qg6+ Kh8 53. Qe8+ Kh7 54. Qg6+ Kh8 55. Qe6 Qf1+ 56. Kh2 h5 
57. Qe8+ Kh7 58. Qxh5+ Kg8 59. Qe8+ Kh7 60. Qh5+ Kg8 61. Qg4 Qf2+ 62. Kh3 Qe1 
63. Qc8+ Kf7 64. Qd7+ Kg8 65. Qc8+ Kf7 66. Qc4+ Kf6 67. Qd4+ Kf7 68. Qd7+ Kg8 
69. Qc8+ 1/2-1/2

[Event "Tuesday 16 January Rapid Engine Tour 12+1 Rounds 9 Starts 1600 ST"]
[Site "Infinity Chess"]
[Date "2018.1.16"]
[Round "9"]
[White "zzsam_Mat_Pahang"]
[Black "OlivierEvan"]
[Result "1/2-1/2"]
[ECO "A06"]
[WhiteElo "2360"]
[BlackElo "2395"]
[WhiteEngine "Houdini 6"]
[BlackEngine "Houdini 6"]
[EventType "Swiss"]
[WhiteTeam ""]
[BlackTeam ""]
[PlyCount "130"]
[TimeControl "720+1"]

1. Nf3 d5 2. d4 Nf6 3. e3 e6 4. c4 Be7 5. Nc3 O-O 6. a3 b6 7. cxd5 exd5 
8. Bd3 Bb7 9. b4 c6 10. O-O a5 11. Rb1 axb4 12. axb4 b5 13. Ne1 Bd6 14. Nc2 Bc7 
15. f3 Qd6 16. g3 Bb6 17. g4 Na6 18. Kh1 Nc7 19. Qe1 g6 20. Qh4 Nce8 21. Bd2 Qd7 
22. Rbe1 Bd8 23. Qh6 Nd6 24. Rg1 Nfe8 25. e4 dxe4 26. fxe4 Nc4 27. Bc1 Nc7 
28. Rg3 Ne6 29. Rf3 f6 30. Qh3 Rf7 31. Rf2 Bb6 32. Bxc4 bxc4 33. Qf1 Qe8 
34. Rd2 Ba6 35. Rdd1 Nc7 36. h3 Ba7 37. Bf4 Nb5 38. Na4 c3 39. Qf3 Re7 
40. Bg3 Bc8 41. Nxc3 Nxc3 42. Qxc3 Rxe4 43. Qf3 Rxe1+ 44. Rxe1 Qf7 45. b5 Be6 
46. Nb4 Bxd4 47. bxc6 Re8 48. c7 Bb6 49. Kg2 Bxc7 50. Bxc7 Qxc7 51. Nd5 Qc4 
52. Nxf6+ Kh8 53. Kg1 Qd4+ 54. Qf2 Qxf2+ 55. Kxf2 Re7 56. h4 Kg7 57. g5 h6 
58. Kg3 hxg5 59. hxg5 Kf7 60. Ne4 Bf5 61. Nd6+ Kf8 62. Rxe7 Kxe7 63. Nxf5+ gxf5 
64. g6 Kf6 65. g7 f4+ 1/2-1/2

[Event "Tuesday 16 January Rapid Engine Tour 12+1 Rounds 9 Starts 1600 ST"]
[Site "Infinity Chess"]
[Date "2018.1.16"]
[Round "9"]
[White "Harry_Potter"]
[Black "MarioDeMonti"]
[Result "1/2-1/2"]
[ECO "C55"]
[WhiteElo "2468"]
[BlackElo "2424"]
[WhiteEngine "Stockfish_18011309_x64_bmi2_CTG"]
[BlackEngine "stockfish_x64_bmi2_2018_01_13_CTG"]
[EventType "Swiss"]
[WhiteTeam ""]
[BlackTeam ""]
[PlyCount "135"]
[TimeControl "720+1"]

1. e4 e5 2. Nf3 Nc6 3. Bc4 Nf6 4. d3 Bc5 5. O-O d6 6. c3 O-O 7. Bg5 h6 8. Bh4 a6 
9. a4 g5 10. Bg3 Ba7 11. Nbd2 Nh7 12. h3 h5 13. Kh1 Kh8 14. b4 g4 15. Nh4 Qg5 
16. b5 Ne7 17. d4 exd4 18. cxd4 Qh6 19. e5 d5 20. Bd3 Bxd4 21. Rc1 c6 
22. Nb3 Ba7 23. bxa6 bxa6 24. Rg1 Re8 25. Bb1 Nf8 26. Nd4 Bxd4 27. Qxd4 Ne6 
28. Qb2 Bd7 29. f3 c5 30. fxg4 hxg4 31. Qf2 Rab8 32. Qxf7 Rb3 33. Kh2 Rxg3 
34. Qf6+ Qxf6 35. exf6 Ra3 36. fxe7 g3+ 37. Kh1 Rxa4 38. Ng6+ Kg7 39. Rc3 Nf4 
40. Nxf4 Rxf4 41. Rxc5 d4 42. Rg5+ Kf6 43. Rxg3 Kxe7 44. Bd3 a5 45. Rg7+ Kd6 
46. Rxd7+ Kxd7 47. Bb5+ Kd8 48. Bxe8 Kxe8 49. Ra1 d3 50. Kg1 a4 51. Rd1 a3 
52. Rxd3 Ra4 53. Rd1 a2 54. Ra1 Ra3 55. g4 Kf7 56. Kf2 Rb3 57. h4 Rb2+ 
58. Kf3 Rb3+ 59. Ke2 Rb4 60. g5 Rxh4 61. Kd2 Rg4 62. Kd3 Rg2 63. g6+ Kxg6 
64. Kd4 Rc2 65. Re1 Kf6 66. Ra1 Rb2 67. Kc3 Rb1 68. Rxa2 1/2-1/2

[Event "Tuesday 16 January Rapid Engine Tour 12+1 Rounds 9 Starts 1600 ST"]
[Site "Infinity Chess"]
[Date "2018.1.16"]
[Round "9"]
[White "Thor"]
[Black "Longin"]
[Result "1/2-1/2"]
[ECO "E10"]
[WhiteElo "2454"]
[BlackElo "2428"]
[WhiteEngine "asmFishW_2017-11-19_bmi2"]
[BlackEngine "S_XPrO.251117.x64.POPCNT_CTG"]
[EventType "Swiss"]
[WhiteTeam ""]
[BlackTeam ""]
[PlyCount "118"]
[TimeControl "720+1"]

1. d4 Nf6 2. c4 e6 3. Nf3 d5 4. Nc3 c6 5. e3 Nbd7 6. Bd3 dxc4 7. Bxc4 b5 
8. Be2 b4 9. Na4 Bb7 10. O-O Be7 11. b3 O-O 12. Bb2 c5 13. Nxc5 Nxc5 
14. dxc5 Bxc5 15. Ne5 Qe7 16. Bf3 Rfd8 17. Qe2 Ne4 18. Rfd1 Rac8 19. Rxd8+ Rxd8 
20. Nc4 Bd5 21. Qc2 Qb7 22. Rc1 Be7 23. Na5 Qb6 24. Nc6 Qxc6 25. Qxc6 Bxc6 
26. Rxc6 Nxf2 27. Bd4 Nd3 28. Kf1 Bf6 29. Rc4 Ne5 30. Rxb4 Nxf3 31. gxf3 Bxd4 
32. Rxd4 Rxd4 33. exd4 Kf8 34. Ke2 Ke7 35. b4 Kd6 36. a4 e5 37. Kd3 g5 
38. dxe5+ Kxe5 39. Kc4 f5 40. a5 Kd6 41. b5 h5 42. b6 axb6 43. axb6 Kc6 
44. Kd4 f4 45. Ke5 Kxb6 46. Kf5 g4 47. Kxf4 gxf3 48. Kxf3 Kc6 49. Ke4 h4 
50. Kf5 Kd6 51. Kf6 h3 52. Kf5 Kd7 53. Kg4 Kd6 54. Kf3 Kd5 55. Kg4 Kd6 
56. Kf3 Kc5 57. Ke2 Kb6 58. Ke1 Kb7 59. Ke2 Kb6 1/2-1/2

[Event "Tuesday 16 January Rapid Engine Tour 12+1 Rounds 9 Starts 1600 ST"]
[Site "Infinity Chess"]
[Date "2018.1.16"]
[Round "9"]
[White "incredible"]
[Black "IronMan"]
[Result "1/2-1/2"]
[ECO "A81"]
[WhiteElo "2440"]
[BlackElo "2389"]
[WhiteEngine "Stockfish_x64_bmi2"]
[BlackEngine "Eman 1.58 64-bit BMI2"]
[EventType "Swiss"]
[WhiteTeam ""]
[BlackTeam ""]
[PlyCount "54"]
[TimeControl "720+1"]

1. d4 f5 2. g3 Nf6 3. Bg2 d6 4. Nf3 g6 5. O-O Bg7 6. c4 O-O 7. Nc3 Nc6 8. d5 Ne5 
9. Qb3 Nxf3+ 10. Bxf3 a6 11. Be3 Ng4 12. Bf4 Rb8 13. c5 Qe8 14. Rac1 Bd7 
15. Nd1 b6 16. cxb6 cxb6 17. Qb4 b5 18. Ne3 Rc8 19. Nxg4 fxg4 20. Bg2 Rxc1 
21. Rxc1 Qb8 22. Bg5 Qb6 23. Be3 Qb7 24. Bg5 Qb6 25. Be3 Qb7 26. Bg5 Qa7 
27. Be3 Qb7 1/2-1/2

[Event "Tuesday 16 January Rapid Engine Tour 12+1 Rounds 9 Starts 1600 ST"]
[Site "Infinity Chess"]
[Date "2018.1.16"]
[Round "9"]
[White "Dovahkiin"]
[Black "KhalidOmar"]
[Result "1/2-1/2"]
[ECO "C55"]
[WhiteElo "2383"]
[BlackElo "2443"]
[WhiteEngine "BrainFish_180113_x64_modern_CTG"]
[BlackEngine "Eman 1.62 64-bit BMI2"]
[EventType "Swiss"]
[WhiteTeam ""]
[BlackTeam ""]
[PlyCount "76"]
[TimeControl "720+1"]

1. e4 e5 2. Nf3 Nc6 3. Bc4 Nf6 4. d3 Bc5 5. O-O a5 6. c3 d6 7. Re1 O-O 
8. Nbd2 Be6 9. Bb5 Ne7 10. d4 Ba7 11. h3 Ng6 12. Ba4 c6 13. Bc2 Nh5 14. Nf1 Nhf4 
15. Ng3 f6 16. Nf5 d5 17. Be3 Qd7 18. dxe5 fxe5 19. Bxa7 Rxa7 20. Ng5 a4 
21. Nxe6 Qxe6 22. Bxa4 Qf6 23. Bc2 Nh4 24. Nxh4 Qxh4 25. Qg4 Nxh3+ 
26. gxh3 Qxf2+ 27. Kh1 Qxc2 28. exd5 cxd5 29. Qe6+ Kh8 30. Qxe5 Qxb2 31. Rg1 b6 
32. Rxg7 Rxg7 33. Rg1 Rfg8 34. Rxg7 Rxg7 35. Qe8+ Rg8 36. Qe5+ Rg7 37. Qe8+ Rg8 
38. Qe5+ Rg7 1/2-1/2

[Event "Tuesday 16 January Rapid Engine Tour 12+1 Rounds 9 Starts 1600 ST"]
[Site "Infinity Chess"]
[Date "2018.1.16"]
[Round "9"]
[White "hafaba"]
[Black "Wolle"]
[Result "1/2-1/2"]
[ECO "D10"]
[WhiteElo "2430"]
[BlackElo "2458"]
[WhiteEngine "Stockfish SL 07012018 POPCNT_CTG"]
[BlackEngine "Raubfisch X37a2_CTG"]
[EventType "Swiss"]
[WhiteTeam ""]
[BlackTeam ""]
[PlyCount "124"]
[TimeControl "720+1"]

1. d4 d5 2. c4 c6 3. Nc3 Nf6 4. cxd5 cxd5 5. Bf4 a6 6. e3 Nc6 7. Bd3 Bg4 
8. Nge2 e6 9. Rc1 Bh5 10. O-O Bg6 11. Na4 Be7 12. h3 Rc8 13. Nc5 Qb6 14. b4 O-O 
15. a3 Rfd8 16. Bxg6 hxg6 17. Qd3 Ne8 18. g4 g5 19. Bg3 a5 20. Na4 Qa7 
21. b5 Nb8 22. Rxc8 Rxc8 23. Rc1 Rxc1+ 24. Nxc1 Bd6 25. Ne2 Nd7 26. Qc3 Bxg3 
27. Nxg3 b6 28. Qc6 Qc7 29. Qxc7 Nxc7 30. Nc3 f6 31. f3 Nf8 32. Nge2 e5 
33. a4 Ng6 34. Kf2 Kf7 35. Ng3 exd4 36. exd4 Nf4 37. Nge2 Ng6 38. Ke3 Ke6 
39. f4 Nxf4 40. Nxf4+ gxf4+ 41. Kxf4 g5+ 42. Ke3 Ne8 43. Ne2 Kd6 44. Kd3 Kd7 
45. Nc3 Ke6 46. Ke3 Kd6 47. Ke2 Ke6 48. Kf3 Kd6 49. Ne2 Ke7 50. Ng3 Ke6 
51. Ne2 Kd7 52. Kf2 Nd6 53. Nc3 Ke6 54. Kf3 Ne8 55. Nd1 Nd6 56. Nc3 f5 
57. gxf5+ Nxf5 58. Ne2 Kf6 59. Kg4 Ne3+ 60. Kf3 Nf5 61. Kg4 Ne3+ 62. Kf3 Nf5 
1/2-1/2

[Event "Tuesday 16 January Rapid Engine Tour 12+1 Rounds 9 Starts 1600 ST"]
[Site "Infinity Chess"]
[Date "2018.1.16"]
[Round "9"]
[White "Vimtiroba"]
[Black "Ninja_Bp"]
[Result "1/2-1/2"]
[ECO "A04"]
[WhiteElo "2476"]
[BlackElo "2461"]
[WhiteEngine "CChess@EX_CTG"]
[BlackEngine "Houdini 6"]
[EventType "Swiss"]
[WhiteTeam ""]
[BlackTeam ""]
[PlyCount "214"]
[TimeControl "720+1"]

1. Nf3 c5 2. c4 e6 3. e4 Nc6 4. Nc3 Nd4 5. Nxd4 cxd4 6. Ne2 Nf6 7. Nxd4 Nxe4 
8. Qf3 f5 9. Bd3 d5 10. cxd5 Qxd5 11. Nb5 Qe5 12. O-O a6 13. Nc3 Bd6 14. Qh5+ g6 
15. Qh6 Bf8 16. Qh3 Ng5 17. Qe3 Nf7 18. Rd1 Bc5 19. Qxe5 Nxe5 20. Bxf5 gxf5 
21. d4 Nf3+ 22. gxf3 Bd6 23. f4 Rg8+ 24. Kf1 Bd7 25. d5 exd5 26. Rxd5 Rg6 
27. Be3 Be6 28. Rdd1 Rc8 29. Ne2 Bd7 30. Nd4 Rh6 31. Kg2 Ke7 32. Rd3 Rg8+ 
33. Kh1 Rg4 34. Rg1 Rhg6 35. Rgd1 Rh4 36. f3 b6 37. R1d2 Rh3 38. Rg2 Rxg2 
39. Kxg2 Rh6 40. Ne2 Rg6+ 41. Ng3 Bc7 42. Rd5 Be6 43. Rd1 Bd7 44. Rc1 Kd8 
45. b3 Kc8 46. Rd1 Re6 47. Kf2 Rh6 48. Rh1 a5 49. Kg2 Rc6 50. Rd1 Rc2+ 
51. Rd2 Rxd2+ 52. Bxd2 b5 53. Ne2 b4 54. Be3 Bd8 55. Bc5 Bb5 56. Kf2 Kd7 
57. Ke3 Kc6 58. Bd4 Kd5 59. Ng3 Ke6 60. Ne2 Bc7 61. h3 Bc6 62. Bb2 Bb6+ 
63. Kd3 Bb5+ 64. Kd2 Kd5 65. Ng3 Bd7 66. Nh5 Bd8 67. Ng7 Bc7 68. Ke3 Bb6+ 
69. Kd2 Kc6 70. Nh5 Be6 71. Nf6 h6 72. Nh5 Bf2 73. Kd3 Kb5 74. Ng7 Bd7 
75. a4+ bxa3 76. Bxa3 Bg3 77. Bd6 Bf2 78. Kc3 Be1+ 79. Kd4 Bc8 80. Kd3 Bf2 
81. Ke2 Bb6 82. Kd3 Bf2 83. Be5 Bd7 84. Ke2 Bh4 85. Bd6 Bf6 86. Nh5 Bc3 
87. Kd3 Be1 88. Bf8 Be6 89. Ng7 Bd7 90. Be7 Bf2 91. Bf6 Kb4 92. Bc3+ Kxb3 
93. Bxa5 Bb5+ 94. Kd2 Bd7 95. Bc3 Kc4 96. Nh5 Bc5 97. Bg7 Bc6 98. Ke2 Bb5 
99. Be5 Bb6 100. Ba1 Bc7 101. Bg7 Bb6 102. Ng3 Kd5+ 103. Kd1 Ke6 104. Kd2 Ba5+ 
105. Kd1 Bb6 106. Kd2 Ba5+ 107. Kd1 Bb6 1/2-1/2

[Event "Tuesday 16 January Rapid Engine Tour 12+1 Rounds 9 Starts 1600 ST"]
[Site "Infinity Chess"]
[Date "2018.1.16"]
[Round "9"]
[White "angriff"]
[Black "Eman"]
[Result "1/2-1/2"]
[ECO "C65"]
[WhiteElo "2487"]
[BlackElo "2463"]
[WhiteEngine "Raubfisch ME262_GTZ16b1_CTG"]
[BlackEngine "Eman 1.62 64-bit POPCNT"]
[EventType "Swiss"]
[WhiteTeam ""]
[BlackTeam ""]
[PlyCount "106"]
[TimeControl "720+1"]

1. e4 e5 2. Nf3 Nc6 3. Bb5 Nf6 4. O-O Nxe4 5. Re1 Nd6 6. Nxe5 Be7 7. Bf1 Nxe5 
8. Rxe5 O-O 9. d4 Bf6 10. Re1 Re8 11. Bf4 Rxe1 12. Qxe1 Ne8 13. c3 d5 14. Nd2 c6 
15. Bd3 g6 16. Nf3 Ng7 17. Bh6 Nf5 18. Bxf5 Bxf5 19. h3 Qe7 20. Qd2 Re8 
21. Re1 Qd8 22. Rxe8+ Qxe8 23. Qf4 Bg7 24. Bxg7 Kxg7 25. Qc7 Qd7 26. Qxd7 Bxd7 
27. g4 f6 28. Kg2 b6 29. a3 Bc8 30. b3 Ba6 31. h4 Kf7 32. b4 Be2 33. Kg3 h6 
34. Ng1 Bd1 35. Nf3 g5 36. Ne1 Ke7 37. f3 Be2 38. h5 Ba6 39. a4 Ke6 40. Nc2 Bd3 
41. Ne3 a5 42. bxa5 bxa5 43. f4 gxf4+ 44. Kxf4 Ke7 45. Nf5+ Bxf5 46. gxf5 Kd6 
47. Ke3 c5 48. dxc5+ Kxc5 49. Kd3 Kc6 50. Ke3 Kc7 51. Kd3 Kc6 52. Ke3 Kd7 
53. Kd3 Kc6 1/2-1/2

[Event "Tuesday 16 January Rapid Engine Tour 12+1 Rounds 9 Starts 1600 ST"]
[Site "Infinity Chess"]
[Date "2018.1.16"]
[Round "9"]
[White "THE_MACHINE"]
[Black "SkyPilot"]
[Result "1/2-1/2"]
[ECO "B90"]
[WhiteElo "2495"]
[BlackElo "2478"]
[WhiteEngine "Houdini 6"]
[BlackEngine "stockfish_x64_bmi2_2018_01_13_CTG"]
[EventType "Swiss"]
[WhiteTeam ""]
[BlackTeam ""]
[PlyCount "166"]
[TimeControl "720+1"]

1. e4 c5 2. Nf3 d6 3. d4 cxd4 4. Nxd4 Nf6 5. Nc3 a6 6. Be3 e5 7. Nf3 Be7 
8. Bc4 O-O 9. O-O Be6 10. Bxe6 fxe6 11. Na4 Nfd7 12. c4 Nc6 13. Rc1 Rc8 
14. a3 Na5 15. Qd3 Qc7 16. Nd2 Qc6 17. Nc3 Nf6 18. Qe2 Bd8 19. Rfd1 Bb6 
20. Na2 Bxe3 21. Qxe3 Qe8 22. Nb4 Nc6 23. Nxc6 Rxc6 24. h3 Qe7 25. Rc3 a5 
26. b3 Qc7 27. Rd3 Nd7 28. Qe2 Qb6 29. Rb1 h6 30. Rb2 Rf7 31. Re3 Rc8 
32. Rb1 Qd4 33. Nf3 Qc5 34. a4 Qb6 35. Rd1 Nc5 36. Qd2 Rc6 37. Qc2 Rc8 
38. Rd2 Rd8 39. Ne1 Qc7 40. Nd3 Rff8 41. Qb2 Kh7 42. Re1 g5 43. Qc3 b6 44. f3 h5 
45. Qb2 Rg8 46. Qc2 Rg7 47. Red1 Rdd7 48. Nf2 Qd8 49. Qc3 Na6 50. Qd3 Nc5 
51. Qe3 Kg8 52. Qc3 Na6 53. Rf1 Rgf7 54. Qe3 Rg7 55. Nd3 Nc5 56. Rb2 Rc7 
57. Nf2 Kh7 58. Rc1 Kg8 59. Rc3 Qf6 60. Rd2 Qd8 61. Kf1 Rcf7 62. g4 h4 
63. Ke1 Rf8 64. Nd3 Rd7 65. Kd1 Qf6 66. Nxc5 bxc5 67. Kc2 Qe7 68. Rcd3 Rb8 
69. Rd1 Ra8 70. Kc1 Ra6 71. Qxc5 dxc5 72. Rxd7 Qf6 73. Rd8+ Kf7 74. R1d7+ Kg6 
75. Rg8+ Kh6 76. Kb1 Rb6 77. Kb2 Rxb3+ 78. Kxb3 Qxf3+ 79. Kb2 Qxh3 80. Rh8+ Kg6 
81. Rg8+ Kh6 82. Rh8+ Kg6 83. Rg8+ Kh6 1/2-1/2

[Event "Tuesday 16 January Rapid Engine Tour 12+1 Rounds 9 Starts 1600 ST"]
[Site "Infinity Chess"]
[Date "2018.1.16"]
[Round "9"]
[White "Neoxium"]
[Black "KULLANI"]
[Result "1/2-1/2"]
[ECO "C77"]
[WhiteElo "2468"]
[BlackElo "2480"]
[WhiteEngine "SF SL FA-IDeA"]
[BlackEngine "BrainFish_180106_x64_CTG"]
[EventType "Swiss"]
[WhiteTeam ""]
[BlackTeam ""]
[PlyCount "101"]
[TimeControl "720+1"]

1. e4 e5 2. Nf3 Nc6 3. Bb5 a6 4. Ba4 Nf6 5. O-O Be7 6. Bxc6 dxc6 7. d3 Bd6 
8. a4 Qe7 9. b3 O-O 10. Nbd2 Be6 11. Bb2 Nd7 12. Re1 Rfe8 13. h3 f6 14. Nh4 Qf7 
15. Qf3 Rad8 16. Nf5 Bb4 17. Red1 Bf8 18. Nc4 Nb8 19. Nce3 c5 20. Qg3 Qh5 
21. f4 exf4 22. Qxf4 Nc6 23. Qxc7 Nd4 24. Rf1 Bxf5 25. Nxf5 Nxc2 26. Rad1 Nb4 
27. Rf3 Qf7 28. Qg3 Qxb3 29. Rd2 Kh8 30. e5 Nc2 31. exf6 Qxb2 32. fxg7+ Bxg7 
33. Rxc2 Qa1+ 34. Rf1 Bd4+ 35. Nxd4 Qxd4+ 36. Kh1 Qxd3 37. Qxd3 Rxd3 
38. Rxc5 Red8 39. Rc7 R3d7 40. Rf7 Rxf7 41. Rxf7 b6 42. Ra7 a5 43. Rb7 Rd1+ 
44. Kh2 Rd4 45. Rxb6 Kg7 46. Ra6 Rxa4 47. Kg3 Ra2 48. h4 a4 49. Ra7+ Kg6 
50. h5+ Kxh5 51. Rxh7+ 1/2-1/2

[Event "Tuesday 16 January Rapid Engine Tour 12+1 Rounds 9 Starts 1600 ST"]
[Site "Infinity Chess"]
[Date "2018.1.16"]
[Round "8"]
[White "miguello"]
[Black "zzsam_Mat_Pahang"]
[Result "1/2-1/2"]
[ECO "A40"]
[WhiteElo "2378"]
[BlackElo "2359"]
[WhiteEngine "asmFishW_2018-01-12_popcnt_CTG"]
[BlackEngine "Houdini 6"]
[EventType "Swiss"]
[WhiteTeam ""]
[BlackTeam ""]
[PlyCount "88"]
[TimeControl "720+1"]

1. d4 c6 2. e4 d5 3. e5 c5 4. dxc5 e6 5. Be3 Nd7 6. Nf3 Bxc5 7. Bxc5 Nxc5 
8. Qd4 Qc7 9. c4 Ne7 10. cxd5 exd5 11. Bb5+ Bd7 12. Bxd7+ Nxd7 13. O-O Nc6 
14. Qxd5 Ndxe5 15. Nxe5 Qxe5 16. Qb3 O-O 17. Nc3 Na5 18. Qb4 Rfe8 19. h3 Rab8 
20. Rfd1 Nc6 21. Qb3 Nd4 22. Qa4 Ne2+ 23. Nxe2 Qxe2 24. b3 a6 25. Rd7 Re7 
26. Qf4 Rbe8 27. Rad1 h5 28. Kh2 Rxd7 29. Rxd7 Re7 30. Rd5 Re8 31. Rd7 Re7 
32. Rd2 Qb5 33. Rd8+ Re8 34. Rd4 f6 35. Rd2 Kf7 36. Qf3 Re7 37. g3 Kg6 
38. h4 Qf5 39. Kg2 Rc7 40. Qxf5+ Kxf5 41. Rd5+ Kg6 42. Rd2 Kf5 43. Rd5+ Kg6 
44. Rd2 Kf5 1/2-1/2

[Event "Tuesday 16 January Rapid Engine Tour 12+1 Rounds 9 Starts 1600 ST"]
[Site "Infinity Chess"]
[Date "2018.1.16"]
[Round "8"]
[White "Satria_Ungu"]
[Black "ivrdurant"]
[Result "1/2-1/2"]
[ECO "A05"]
[WhiteElo "2389"]
[BlackElo "2411"]
[WhiteEngine "Houdini 6"]
[BlackEngine "Raubfisch X37b1._CTG"]
[EventType "Swiss"]
[WhiteTeam ""]
[BlackTeam ""]
[PlyCount "99"]
[TimeControl "720+1"]

1. Nf3 Nf6 2. d4 d5 3. e3 e6 4. c4 c5 5. a3 a6 6. dxc5 Bxc5 7. b4 Be7 
8. cxd5 Qxd5 9. Qc2 O-O 10. Nc3 Qh5 11. Bb2 b5 12. Ne4 Nbd7 13. Ng3 Qh6 
14. e4 Bb7 15. Rd1 Rac8 16. Qb1 g6 17. Bd3 Rfd8 18. Qa1 Ne8 19. O-O Qf8 
20. Bd4 h5 21. Rfe1 h4 22. Nf1 h3 23. g3 Bf6 24. Bxf6 Nexf6 25. N1d2 Qh6 
26. Rc1 g5 27. Rxc8 Rxc8 28. Nb3 g4 29. Nfd2 Qg5 30. e5 Ne8 31. Qd4 Bd5 
32. Nc5 Nxc5 33. bxc5 Rd8 34. Ne4 Bxe4 35. Qxe4 Qd2 36. Qxg4+ Kf8 37. Rd1 Qc3 
38. Bf1 Rxd1 39. Qxd1 Qxa3 40. Qh5 Qxc5 41. Qh6+ Ke7 42. Qg5+ Kd7 43. Qg8 Ke7 
44. Qg5+ Kd7 45. Bxh3 f5 46. Qd2+ Ke7 47. Qg5+ Kd7 48. Qd2+ Ke7 49. Qg5+ Kd7 
50. Qd2+ 1/2-1/2